 Dungeon Crawl Stone Soup version 0.20-a0-2-g2b0e13a (webtiles) character file.

10285 Jorund the Cleaver (level 11, 0/72 HPs)
             Began as a Demonspawn Gladiator on Oct 28, 2016.
             Was a High Priest of Okawaru.
             Slain by a manticore (14 damage)
             ... on level 11 of the Dungeon.
             The game lasted 00:25:42 (9675 turns).

Jorund the Cleaver (Demonspawn Gladiator)           Turns: 9675, Time: 00:25:43

Health: 0/72       AC: 23    Str: 21    XL:     11   Next: 34%
Magic:  13/14      EV: 14    Int: 10    God:    Okawaru [*****.]
Gold:   598        SH:  0    Dex: 13    Spells: 0 memorised, 10 levels left

rFire  + . .     SeeInvis +     a - +1 war axe
rCold  + . .     Gourm    .     E - +2 chain mail {rC+}
rNeg   . . .     Faith    .     (no shield)
rPois  .         Spirit   .     d - +2 hat {SInv}
rElec  .         Reflect  .     O - +0 cloak
rCorr  .         Harm     .     (no gloves)
MR     .....     Clarity  +     (boots unavailable)
Stlth  +.........               o - amulet of regeneration
                                y - ring of protection from fire
                                v - +2 ring of evasion

@: heroism, sanguine armour, drained
A: talons 3, clarity, nightstalker 1, slow regeneration 1, strong 1, sanguine
armour 1
a: Heroism, Finesse, Renounce Religion


You were on level 11 of the Dungeon.
You worshipped Okawaru.
Okawaru was extremely pleased with you.
You were not hungry.

You visited 2 branches of the dungeon, and saw 12 of its levels.

You collected 598 gold pieces.

Inventory:

Hand Weapons
 a - a +1 war axe (weapon)
 q - the +7 whip "Byuhoter" {venom, rElec rC- Str+2 Dex+3}
   (You found it on level 9 of the Dungeon)

   It poisons the flesh of those it strikes.
   It affects your strength (+2).
   It affects your dexterity (+3).
   It makes you vulnerable to cold.
   It insulates you from electricity.
 w - a +3 arbalest
 x - a cursed +0 battleaxe
Missiles
 c - a throwing net (quivered)
Armour
 d - a +2 hat of see invisible (worn)
 E - a +2 chain mail of cold resistance (worn)
 O - a +0 cloak (worn)
Jewellery
 i - a +2 amulet of reflection
 o - an amulet of regeneration (around neck)
 s - an uncursed amulet of magic regeneration
 v - a +2 ring of evasion (left hand)
 y - a ring of protection from fire (right hand)
 z - an uncursed ring of fire
Wands
 e - a wand of iceblast (0/15)
 t - a wand of teleportation (3/9)
 F - a wand of confusion (13/48)
 G - a wand of disintegration (7/24)
 I - a wand of slowing (34/48)
 J - a wand of flame (22/48)
Scrolls
 b - a scroll of fear
 k - 4 scrolls of remove curse
 l - 5 scrolls of enchant weapon
 n - a scroll of amnesia
 B - a scroll of recharging
 D - a scroll of enchant armour
 H - a scroll of identify
Potions
 g - 4 potions of lignification
 j - 2 potions of ambrosia
 m - 2 potions of brilliance
 C - a potion of agility {unknown}
 K - a potion of resistance
 L - a potion of magic {unknown}
Books
 r - a book of Air

   Spells                             Type                      Level
   a - Shock                          Conjuration/Air              1
   b - Swiftness                      Charms/Air                   2
   c - Repel Missiles                 Charms/Air                   2
   d - Static Discharge               Conjuration/Air              3
   e - Lightning Bolt                 Conjuration/Air              5
Comestibles
 f - 10 bread rations
 h - 2 beef jerkies
 u - a meat ration
 M - a slice of pizza
 N - a royal jelly


   Skills:
 - Level 2.0(6.7) Fighting
 + Level 14.3(18.9) Axes
 - Level 1.7(6.4) Throwing
 + Level 6.5(11.2) Armour
 - Level 2.6(7.3) Dodging
 * Level 4.2(4.0) Invocations


You had 10 spell levels left.
You didn't know any spells.

Dungeon Overview and Level Annotations

Branches:
Dungeon (11/15)            Temple (1/1) D:5
   Lair: D:8-11         Orc: D:9-12

Altars:
Ashenzari
Cheibriados
Elyvilon
Fedhas
Gozag
Hepliaklqana
Kikubaaqudgha
Makhleb
Okawaru
Qazlal
Sif Muna
Trog
Uskayaw
Vehumet
Xom
Yredelemnul
Zin
The Shining One

Shops:
D:10 (

Annotations:
D:6 exclusion: hydra
D:10 Fannar, Urug


Innate Abilities, Weirdness & Mutations

You have claws for feet.
You are slightly more attuned to the shadows.
When seriously injured, your bleeding wounds create armour. (AC +6)
You possess an exceptional clarity of mind.
You regenerate slowly when monsters are visible.
Your muscles are strong. (Str +2)


Message History

The manticore claws you but does no damage. x2
You hit the manticore but do no damage.
You claw the manticore, but do no damage.
The manticore is severely wounded.
You hit the manticore but do no damage.
You claw the manticore, but do no damage.
The manticore is severely wounded.
The manticore closely misses you.
The manticore claws you but does no damage.
The manticore closely misses you.
You barely miss the manticore. You claw the manticore.
The manticore is almost dead.
The manticore bites you but does no damage.
The manticore claws you but does no damage.
The manticore closely misses you.
You hit the manticore.
You claw the manticore, but do no damage.
The manticore is almost dead.
The manticore bites you!
You die...

### ... #. #.# #. #.#
#. #.# #. #.########+
#.######...@H.....
#####.#........+......
........########....!.
#######.# ...... #)#
...... #.# ...... #.#
###+## #.# #.#


You could see a manticore.

Vanquished Creatures
  Josephine (D:10)
  Erolcha (D:10)
  A hill giant (D:10)
  2 trolls
  A hornet (D:11)
  A two-headed ogre (D:10)
  2 hippogriffs (D:8)
  Sigmund (D:5)
  6 yaks (D:10)
  A spriggan (D:11)
  5 wraiths (D:10)
  3 hungry ghosts
  3 orc warriors
  2 ice beasts
  2 sky beasts
  4 necrophages (D:8)
  An ogre (D:11)
  2 phantoms
  3 centaurs (D:10)
  5 bullfrogs
  4 scorpions
  3 killer bees
  13 wights
  2 howler monkeys
  7 crimson imps
  3 bullfrog zombies
  3 centaur zombies
  3 jellies
  3 orc priests (D:10)
  2 centaur skeletons
  4 hounds
  8 orc wizards
  5 iguanas
  4 worker ants
  A hound zombie (D:8)
  2 mummies (D:8)
  A hound skeleton (D:9)
  A worker ant zombie (D:6)
  9 gnolls
  5 adders
  An adder zombie (D:9)
  A dart slug (D:3)
  2 worms
  4 leopard geckos
  25 orcs
  2 giant cockroaches
  3 goblins (D:2)
  4 hobgoblins
  3 jackals (D:5)
  7 kobolds
  11 quokkas
  3 ball pythons
  3 bats
  14 frilled lizards
  A leopard gecko zombie (D:8)
  A quokka zombie (D:9)
  4 rats
219 creatures vanquished.

Vanquished Creatures (others)
  A necrophage (D:9)
  4 toadstools (D:1)
5 creatures vanquished.

Grand Total: 224 creatures vanquished

Notes
Turn   | Place    | Note
-------+----------+-------------------------------------------
     0 | D:1      | Jorund the Demonspawn Gladiator began the quest for the Orb.
     0 | D:1      | Reached XP level 1. HP: 16/16 MP: 1/1
   142 | D:1      | Reached skill level 3 in Axes
   179 | D:1      | Gained mutation: You have sharp toenails. [demonic ancestry]
   179 | D:1      | Reached XP level 2. HP: 16/22 MP: 2/2
   594 | D:1      | Reached skill level 1 in Armour
   707 | D:2      | Gained mutation: When seriously injured, your bleeding wounds create armour. (AC +6) [demonic ancestry]
   707 | D:2      | Reached XP level 3. HP: 27/27 MP: 3/3
  1278 | D:3      | Reached skill level 4 in Axes
  1278 | D:3      | Gained mutation: You are slightly more attuned to the shadows. [demonic ancestry]
  1278 | D:3      | Reached XP level 4. HP: 31/33 MP: 4/4
  1898 | D:3      | Reached XP level 5. HP: 26/38 MP: 5/5
  2332 | D:4      | Reached skill level 5 in Axes
  2525 | D:4      | Noticed a phantom
  2600 | D:4      | Killed a phantom
  2600 | D:4      | Reached XP level 6. HP: 30/44 MP: 6/6
  2807 | D:4      | Found a stormy altar of Qazlal.
  2925 | D:5      | Entered Level 5 of the Dungeon
  2925 | D:5      | Noticed Sigmund
  2938 | D:5      | Killed Sigmund
  2938 | D:5      | Reached skill level 6 in Axes
  2991 | D:5      | Found a glowing golden altar of the Shining One.
  2994 | D:5      | Noticed an angel
  3013 | D:5      | Found a staircase to the Ecumenical Temple.
  3195 | D:5      | Found a basalt altar of Yredelemnul.
  3217 | D:5      | Found a bloodstained altar of Trog.
  3226 | D:5      | Reached XP level 7. HP: 43/50 MP: 7/7
  3438 | D:5      | Reached skill level 7 in Axes
  3638 | D:5      | Found a basalt altar of Yredelemnul.
  3641 | D:5      | Noticed a profane servitor
  3904 | D:5      | Found a shimmering altar of Xom.
  3908 | D:5      | Found a faded altar of an unknown god.
  3910 | D:5      | Found a faded altar of an unknown god.
  3911 | D:5      | Found a faded altar of an unknown god.
  3914 | D:5      | Found a faded altar of an unknown god.
  4177 | Temple   | Entered the Ecumenical Temple
  4224 | Temple   | Became a worshipper of Warmaster Okawaru
  4608 | D:6      | Reached skill level 8 in Axes
  4856 | D:6      | Gained mutation: You have razor-sharp toenails. [demonic ancestry]
  4856 | D:6      | Reached XP level 8. HP: 47/56 MP: 8/8
  5208 | D:6      | Noticed a six-headed hydra
  5322 | D:7      | Gained mutation: You regenerate slowly when monsters are visible. [potion of mutation]
  5322 | D:7      | Gained mutation: Your muscles are strong. (Str +2) [potion of mutation]
  5322 | D:7      | Gained mutation: You possess an exceptional clarity of mind. [potion of mutation]
  5486 | D:7      | Reached * piety under Okawaru
  5486 | D:7      | Reached skill level 9 in Axes
  5585 | D:7      | Got a smoking flail
  6051 | D:8      | Noticed a hippogriff
  6060 | D:8      | Killed a hippogriff
  6074 | D:8      | Noticed a hippogriff
  6088 | D:8      | Killed a hippogriff
  6088 | D:8      | Reached skill level 10 in Axes
  6216 | D:8      | Gained mutation: You have claws for feet. [demonic ancestry]
  6216 | D:8      | Reached XP level 9. HP: 52/61 MP: 9/9
  6223 | D:8      | Reached ** piety under Okawaru
  6374 | D:8      | Found a radiant altar of Vehumet.
  6467 | D:8      | Reached skill level 11 in Axes
  6766 | D:9      | Got an iridescent whip
  6767 | D:9      | Identified the +7 whip "Byuhoter" {venom, rElec rC- Str+2 Dex+3} (You found it on level 9 of the Dungeon)
  6938 | D:9      | Noticed a troll
  7072 | D:9      | Killed a troll
  7072 | D:9      | Reached *** piety under Okawaru
  7198 | D:9      | Reached skill level 12 in Axes
  7313 | D:9      | Found a shattered altar of Ashenzari.
  7472 | D:9      | Found a radiant altar of Vehumet.
  7482 | D:9      | Found an ancient bone altar of Kikubaaqudgha.
  7492 | D:9      | Found a deep blue altar of Sif Muna.
  7539 | D:10     | Entered Level 10 of the Dungeon
  7722 | D:10     | Reached XP level 10. HP: 27/65 MP: 7/10
  7962 | D:10     | Reached **** piety under Okawaru
  7962 | D:10     | Reached skill level 5 in Armour
  8141 | D:10     | Reached skill level 13 in Axes
  8295 | D:10     | Found Rutijats's Weapon Emporium.
  8421 | D:10     | Reached ***** piety under Okawaru
  8449 | D:10     | Noticed Josephine
  8458 | D:10     | Reached skill level 1 in Invocations
  8789 | D:10     | Noticed Erolcha
  8801 | D:10     | Killed Erolcha
  8824 | D:10     | Noticed Urug
  8925 | D:10     | Noticed Fannar
  9056 | D:10     | Killed Josephine
  9056 | D:10     | Reached XP level 11. HP: 32/70 MP: 11/13
  9057 | D:10     | Reached skill level 14 in Axes
  9183 | D:10     | Noticed a hill giant
  9194 | D:10     | Killed a hill giant
  9194 | D:10     | Received a gift from Okawaru
  9675 | D:11     | Slain by a manticore

Vault maps used:
D:1:      ldierk_water_garden, minmay_lizard_pond
D:2:      minmay_misc_feat_cross
D:3:      wad_woods_tower
D:4:      kennysheep_big_flooded_room, lemuel_round_altar, first_bread
D:5:      grunt_temple_overflow_holy_war, chequers_temple_overflow_minitemple,
          overflow_temple_1_default, serial_park_tiny_pond,
          yredelemnul_altar_generic, uniq_sigmund
D:8:      serial_undead, serial_undead_f, serial_undead_c, serial_undead_b,
          serial_undead_d, basic_altar
D:9:      palyth_temple_overflow_mages, kennysheep_little_box,
          lemuel_another_geyser
D:10:     serial_shops, shop, uniq_erolcha, uniq_urug, uniq_fannar,
          uniq_josephine
D:11:     lair_0_dummy, david_orc_4, the_bakery, minivault_27,
          kennysheep_generic_room_12
Temple:   minmay_temple_bridge_abc

Skill      XL: |  1  2  3  4  5  6  7  8  9 10 11 |
---------------+----------------------------------+-----
Axes           | 3 4 5 6 8 10 12 13 14 | 14.3
Armour         | 1 2 3 4 6 |  6.5
Invocations    | 3 4 |  4.2
Fighting       | |  2.0
Throwing       | |  1.7
Dodging        | |  2.6

Action                   |  1- 3 |  4- 6 |  7- 9 | 10-12 || total
-------------------------+-------+-------+-------+-------++-------
Melee: War axe           |   118 |   135 |   409 |   355 ||  1017
       Kick              |    19 |    44 |   126 |   141 ||   330
       Punch             |       |       |       |     2 ||     2
Throw: Throwing net      |     1 |     1 |     2 |     1 ||     5
Invok: Heroism           |       |       |     3 |     9 ||    12
Evoke: Wand              |       |       |     2 |     8 ||    10
  Use: Scroll            |       |    16 |     9 |     3 ||    28
       Potion            |       |     1 |     6 |     3 ||    10
 Stab: Held in net/web   |     1 |     1 |       |       ||     2
       Sleeping          |       |     8 |     5 |       ||    13
       Distracted        |       |       |     1 |       ||     1
  Eat: Chunk             |       |     8 |    11 |     6 ||    25
       Meat ration       |       |       |     1 |       ||     1
       Bread ration      |       |       |     1 |       ||     1
       Beef jerky        |       |       |     1 |       ||     1
       Pizza             |       |       |       |     1 ||     1
Armor: Leather armour    |    35 |    30 |   102 |    14 ||   181
       Chain mail        |       |       |       |   127 ||   127
Dodge: Dodged            |    85 |    70 |   217 |   174 ||   546
